 Dungeon Crawl Stone Soup version 0.31-a0-750-gfe7b580527 (webtiles) character file.

Game seed: 1326808161668819875

5170 cforsyth the Fighter (level 10, -12/111 HPs)
             Began as a Djinni Delver on Sept 15, 2023.
             Was a High Priest of Hepliaklqana.
             Mangled by a polar bear (18 damage)
             ... on level 9 of the Dungeon.
             The game lasted 00:13:01 (8440 turns).

cforsyth the Fighter (Djinni Delver)                Turns: 8440, Time: 00:13:01

Health: -12/111    AC:  4    Str: 11    XL:     10   Next: 90%
Gold:   604        EV: 12    Int: 17    God:    Hepliaklqana [*****.] SH:  0 Dex: 14

rFire   + + .        H - +1 dagger (flame)
rCold   x . .        (no shield)
rNeg    . . .        z - +0 troll leather armour
rPois   ∞            (no helmet)
rElec   .            (no cloak)
rCorr   .            o - +0 pair of gloves
SInv    .            (boots unavailable)
Will    +....        k - amulet of faith Stlth
                     (no ring)
HPRegen 1.18/turn    (no ring)
MPRegen 0.00/turn

%: faith, infuse magic (-13 HP)
@: berserking, flying, very quick
A: reduced essence, sickness immunity, fire resistance 2, cold vulnerability 1,
float, innate caster, HP casting, extra vitality 1
a: Renounce Religion, Recall Ancestor, Ancestor Identity, Transference, Idealise


You were on level 9 of the Dungeon.
You worshipped Hepliaklqana.
Hepliaklqana was extremely pleased with you.
You visited 2 branches of the dungeon, and saw 10 of its levels.

You collected 604 gold pieces.

Inventory:

Hand Weapons
 a - a +0 falchion
 B - the +4 mace of Cataclysm {drain, rPois rF+ Int-5 Dex+4}
   (You found it on level 7 of the Dungeon)

   Int-5:     It affects your intelligence (-5).
   Dex+4:     It affects your dexterity (+4).
   rF+:       It protects you from fire.
   rPois:     It protects you from poison
 H - a +1 dagger of flaming (weapon)
Armour
 b - a +0 leather armour
 o - a +0 pair of gloves (worn)
 z - a +0 troll leather armour (worn)
Jewellery
 k - an amulet of faith (around neck)
 m - an amulet of reflection
 p - a ring of willpower
 y - a +6 ring of dexterity
Wands
 g - a wand of digging (3)
 j - a wand of flame (52)
 J - a wand of polymorph (1)
Scrolls
 c - 3 scrolls of fog
 d - a scroll of revelation
 i - 2 scrolls of noise {unknown}
 l - 2 scrolls of amnesia {unknown}
 v - 7 scrolls of identify {unknown}
 w - a scroll of enchant weapon {unknown}
 x - a scroll of vulnerability {unknown}
 C - a scroll of brand weapon {unknown}
 F - a scroll of teleportation {unknown}
 G - a scroll of poison {unknown}
 I - a scroll of butterflies {unknown}
Potions
 f - 3 potions of haste
 h - 2 potions of resistance {unknown}
 n - 9 potions of curing
 q - a potion of berserk rage
 r - a potion of degeneration {unknown}
 s - a potion of might {unknown}
 t - 4 potions of heal wounds {unknown}
 u - 2 potions of brilliance {unknown}
 A - a potion of lignification {unknown}
 D - 2 potions of enlightenment {unknown}
 E - a potion of mutation {unknown}


   Skills:
 + Level 11.3 Fighting
 - Level 1.7 Long Blades
 - Level 2.1 Dodging
 - Level 4.1 Stealth
 + Level 8.1 Spellcasting
 + Level 8.1 Conjurations
 + Level 8.1 Hexes
   Level 0.0 Charms
 + Level 8.1 Summonings
 + Level 8.1 Necromancy
 + Level 8.1 Translocations
 + Level 8.1 Transmutations
 + Level 8.1 Fire Magic
 + Level 8.1 Ice Magic
 + Level 8.1 Air Magic
 + Level 8.1 Earth Magic
 + Level 8.1 Poison Magic


You knew the following spells:

 Your Spells              Type           Power      Damage    Failure   Level
a - Slow                  Hex            100%       N/A       1%          1
b - Call Imp              Summ           68%        N/A       1%          2
c - Confusing Touch       Hex            34%        N/A       1%          3
d - Ozocubu's Armour      Ice            34%        N/A       1%          3
Your spell library was empty.

Dungeon Overview and Level Annotations

Branches:
Dungeon (9/15)             Temple (1/1) D:5            Lair (0/5) D:9
    Orc: D:9-12

Altars:
Ashenzari
Cheibriados
Dithmenos
Elyvilon
Fedhas
Gozag
Hepliaklqana
Makhleb
Nemelex Xobeh
Qazlal
Ru
Trog
Uskayaw
Wu Jian
Yredelemnul
Zin
The Shining One

Shops:
D:3 *   D:5 [

Annotations:
D:3 2 runed translucent doors, Cwest1230's ghost, amateur DrNe


Innate Abilities, Weirdness & Mutations

Your life essence is reduced to manifest your ancestor. (-10% HP)
You are immune to sickness and miasma.
You are immune to poison.
Your flesh is very heat resistant. (rF++)
You are vulnerable to cold. (rC-)
You float through the air rather than walking.
You learn spells naturally, not from books.
Your magical power is your life essence.
You have superior vitality. (+4 MHP)


Message History

The polar bear goes berserk!
Cipactli points at the polar bear and mumbles some strange words.
The puff of frost hits the polar bear.
The polar bear resists.
The polar bear bites Cipactli!!
The polar bear misses Cipactli.
The polar bear claws Cipactli.
Cipactli is destroyed!
The polar bear bites you! The polar bear misses you.
The polar bear closely misses you.
Casting: Call Imp (safe; 1% risk of failure)
Confirm with . or Enter, or press ? or * to list all spells.
A tiny devil pulls itself out of the air.
The polar bear bites you!!
* * * LOW HITPOINT WARNING * * *
The polar bear completely misses you. The polar bear closely misses you.
Okay, then.
It was a potion of curing.
You feel better. The polar bear closely misses you.
The polar bear claws you but does no damage.
The polar bear claws you.
* * * LOW HITPOINT WARNING * * *
The polar bear bites you!
* * * LOW HITPOINT WARNING * * *
The polar bear claws you.
* * * LOW HITPOINT WARNING * * *
The polar bear claws you but does no damage.
Your cerulean imp hits the polar bear but does no damage.
Okay, then.
Okay, then.
Unknown command.
It was a potion of berserk rage.
A red film seems to cover your vision as you go berserk!
You feel yourself moving faster!
You feel mighty! The polar bear barely misses you. The polar bear claws you.
* * * LOW HITPOINT WARNING * * *
The polar bear claws you.
* * * LOW HITPOINT WARNING * * *
Your cerulean imp hits the polar bear but does no damage.
You hit the polar bear but do no damage.
The polar bear is severely wounded.
The polar bear bites you!!
You die...

#....... #....... #### #.......
###..# #....... .# #....# #####
#....... #.#
#####.##.####...#######†.. #.#
#.#..........##..#...≈...#†. #.#
#............5.....#...#.... ..#
###........@..#...##P.P##...
..######.........h.#.#...P.PP..#.
...............>.D...#≈.PP>PP.≈#.
.....................#....PPP..#.
......>............#...##.PP##.[.
##................##....#...#....
.##.....###.#.#.#.##..#...≈...#..
................#.##...#######...
.#.........#..............##.#...


You could see a polar bear (berserk, ally target), a steam dragon and a friendly
cerulean imp (summoned).

Vanquished Creatures
  A troll (D:8)
  Sigmund (D:2)
  A water moccasin (D:4)
  2 sky beasts
  A wolf (D:8)
  A bullfrog (D:6)
  A killer bee (D:9)
  An orc priest (D:5)
  A gnoll bouda (D:8)
  2 jellies
  An orc wizard (D:8)
  A hound skeleton (D:4)
  2 adders
  4 gnolls
  A shadow imp (D:7)
  A white imp (D:8)
  An ufetubus (D:5)
  An adder zombie (D:4)
  2 worms
  3 dart slugs
  2 orcs
  3 ball pythons
  2 bats (D:3)
  4 endoplasms
  A giant cockroach (D:3)
  3 goblins
  2 hobgoblins
  6 kobolds
  A quokka (D:1)
  6 rats
59 creatures vanquished.

Vanquished Creatures (collateral kills)
  A two-headed ogre (D:8)
  An unseen horror (D:9)
  A troll (D:7)
  A polar bear (D:9)
  A wyvern (D:8)
  3 steam dragons
  A water moccasin (D:6)
  A sky beast (D:7)
  An orc warrior (D:8)
  An ice beast (D:7)
  A black bear (D:5)
  A wolf (D:8)
  2 centaurs
  2 phantoms
  A kobold brigand (D:7)
  6 bullfrogs
  A gnoll sergeant (D:7)
  2 scorpions (D:6)
  A jelly (D:6)
  5 killer bees (D:9)
  2 howler monkeys
  4 hounds
  2 orc priests
  A centaur skeleton (D:4)
  2 iguanas (D:6)
  A sleepcap (D:6)
  5 orc wizards
  A centaur simulacrum (D:9)
  7 gnolls
  2 adders
  A shadow imp (D:6)
  14 orcs
  3 endoplasms
  A giant cockroach (D:2)
  6 goblins
  3 hobgoblins
  5 kobolds
94 creatures vanquished.

Vanquished Creatures (others)
  9 battlemagi
  An orc (D:7)
10 creatures vanquished.

Grand Total: 163 creatures vanquished

Notes
Turn   | Place    | Note
-------+----------+-------------------------------------------
     0 | D:5      | cforsyth the Djinni Delver began the quest for the Orb.
     0 | D:5      | Reached XP level 1. HP: 20/20 MP: 0/0
    68 | D:5      | Reached XP level 2. HP: 24/25 MP: 0/0
   157 | D:5      | Reached skill level 1 in Spellcasting
   157 | D:5      | Reached skill level 1 in Conjurations
   157 | D:5      | Reached skill level 1 in Hexes
   157 | D:5      | Reached skill level 1 in Summonings
   157 | D:5      | Reached skill level 1 in Necromancy
   157 | D:5      | Reached skill level 1 in Translocations
   157 | D:5      | Reached skill level 1 in Transmutations
   157 | D:5      | Reached skill level 1 in Fire Magic
   157 | D:5      | Reached skill level 1 in Ice Magic
   157 | D:5      | Reached skill level 1 in Air Magic
   157 | D:5      | Reached skill level 1 in Earth Magic
   157 | D:5      | Reached skill level 1 in Poison Magic
   157 | D:5      | Reached XP level 3. HP: 29/31 MP: 0/0
   157 | D:5      | Learned a level 1 spell: Slow
   213 | D:5      | Found a shadowy altar of Dithmenos.
   213 | D:5      | Noticed a shadow
   340 | D:5      | Found Qaem's Armour Shop.
   434 | D:4      | Noticed a water moccasin
   434 | D:4      | Noticed a phantom
   560 | D:5      | Found a hazy altar of Hepliaklqana.
   566 | D:5      | Became a worshipper of Hepliaklqana the Forgotten
   875 | D:5      | Reached XP level 4. HP: 34/37 MP: 0/0
   897 | D:4      | Reached skill level 4 in Fighting
  1118 | D:3      | Found a large runed translucent door.
  1118 | D:3      | Found a large runed translucent door.
  1310 | D:2      | Noticed Sigmund
  1497 | D:1      | Reached * piety under Hepliaklqana
  1513 | D:1      | Reached XP level 5. HP: 36/36 MP: 0/0
  1513 | D:1      | Learned a level 2 spell: Call Imp
  1936 | D:1      | Found a faded altar of an unknown god.
  2059 | D:2      | Killed Sigmund
  2060 | D:2      | Reached skill level 5 in Fighting
  2060 | D:2      | Reached XP level 6. HP: 33/44 MP: 0/0
  2347 | D:2      | Reached ** piety under Hepliaklqana
  2348 | D:2      | Remembered your ancestor Cipactli as a battlemage
  2805 | D:3      | Found Qoeguwnu's General Store.
  2909 | D:3      | Noticed Cwest1230's ghost (amateur DrNe)
  3282 | D:3      | Found a sparkling altar of Nemelex Xobeh.
  3503 | D:4      | Reached XP level 7. HP: 47/48 MP: 0/0
  3503 | D:4      | Learned a level 3 spell: Confusing Touch
  3519 | D:4      | Reached *** piety under Hepliaklqana
  3654 | D:4      | Killed a water moccasin
  3655 | D:4      | Reached skill level 6 in Fighting
  4124 | D:5      | Found a staircase to the Ecumenical Temple.
  4693 | Temple   | Entered the Ecumenical Temple
  4735 | D:6      | Reached XP level 8. HP: 37/55 MP: 0/0
  4904 | D:6      | Reached skill level 7 in Fighting
  4959 | D:6      | Found a stormy altar of Qazlal.
  5245 | D:6      | Reached skill level 5 in Spellcasting
  5245 | D:6      | Reached skill level 5 in Conjurations
  5245 | D:6      | Reached skill level 5 in Hexes
  5245 | D:6      | Reached skill level 5 in Summonings
  5245 | D:6      | Reached skill level 5 in Necromancy
  5245 | D:6      | Reached skill level 5 in Translocations
  5245 | D:6      | Reached skill level 5 in Transmutations
  5245 | D:6      | Reached skill level 5 in Fire Magic
  5245 | D:6      | Reached skill level 5 in Ice Magic
  5245 | D:6      | Reached skill level 5 in Air Magic
  5245 | D:6      | Reached skill level 5 in Earth Magic
  5245 | D:6      | Reached skill level 5 in Poison Magic
  5392 | D:6      | Reached **** piety under Hepliaklqana
  5704 | D:7      | Noticed a troll
  5708 | D:7      | Killed a troll
  5709 | D:7      | Reached skill level 8 in Fighting
  5709 | D:7      | Reached XP level 9. HP: 9/63 MP: 0/0
  5709 | D:7      | Learned a level 3 spell: Ozocubu's Armour
  5982 | D:7      | Identified the +4 mace of Cataclysm {drain, rPois rF+ Int-5
                  | Dex+4}
  6088 | D:7      | Found a burning altar of Makhleb.
  6109 | D:7      | Reached skill level 9 in Fighting
  6717 | D:8      | Reached XP level 10. HP: 45/71 MP: 0/0
  6956 | D:8      | Reached skill level 10 in Fighting
  7084 | D:8      | Found a basalt altar of Yredelemnul.
  7200 | D:8      | Reached ***** piety under Hepliaklqana
  7215 | D:8      | Found a snail-covered altar of Cheibriados.
  7344 | D:8      | Found an ornate altar of the Wu Jian Council.
  7344 | D:8      | Found a white marble altar of Elyvilon.
  7614 | D:9      | Noticed a two-headed ogre
  7799 | D:8      | Killed a two-headed ogre
  7885 | D:9      | Found a staircase to the Lair.
  7923 | D:9      | Reached skill level 11 in Fighting
  8379 | D:9      | Killed an unseen horror
  8439 | D:9      | HP: 5/111 [polar bear (5)]
  8440 | D:9      | Mangled by a polar bear

Illustrated notes

Levels and vault maps discovered:
D:1:      eino_arrival_tree_alley, layout_loops_ring, basic_ecumenical_altar
D:2:      layout_loops_ring, minmay_split_cup_large, uniq_sigmund
D:3:      layout_basic, nemelex_dance_club_becter, serial_shops, shop,
          ebering_ghost_disaster_area
D:4:      layout_rooms, serial_undead, serial_undead_c, serial_undead_a,
          serial_undead_c, serial_undead_c
D:5:      layout_layer_cave, riverfiend_overflow_shadow_ancestor,
          minmay_temple_entry_ruins, serial_shops, shop
D:6:      layout_basic, mainiacjoe_overflow_small_starburst,
          mainiacjoe_overflow_alcove_1, kennysheep_generic_room_8
D:7:      layout_loops_cross, makhleb_blood_cavern_becter
D:8:      layout_loops_ring, lemuel_doored_altar, mainiacjoe_overflow_boulevard,
          mainiacjoe_overflow_divided_tiny
D:9:      layout_rooms, hellmonk_okawaru_the_only_friend_you_need,
          dpeg_oklobed_lair, serial_ice, serial_ice_g, serial_ice_m,
          serial_ice_i, serial_ice_a, minmay_fountain_box
Temple:   hellmonk_temple_beads

Skill      XL: |  1  2  3  4  5  6  7  8  9 10 |
---------------+-------------------------------+-----
Spellcasting   | 1 2 3 4 5 6 8 |  8.1
Conjurations   | 1 2 3 4 5 6 8 |  8.1
Hexes          | 1 2 3 4 5 6 8 |  8.1
Summonings     | 1 2 3 4 5 6 8 |  8.1
Necromancy     | 1 2 3 4 5 6 8 |  8.1
Translocations | 1 2 3 4 5 6 8 |  8.1
Transmutations | 1 2 3 4 5 6 8 |  8.1
Fire Magic     | 1 2 3 4 5 6 8 |  8.1
Ice Magic      | 1 2 3 4 5 6 8 |  8.1
Air Magic      | 1 2 3 4 5 6 8 |  8.1
Earth Magic    | 1 2 3 4 5 6 8 |  8.1
Poison Magic   | 1 2 3 4 5 6 8 |  8.1
Fighting       | 4 5 6 8 9 11 | 11.3
Long Blades    | |  1.7
Dodging        | |  2.1
Stealth        | |  4.1

Action                     |  1- 3 |  4- 6 |  7- 9 | 10-12 || total
---------------------------+-------+-------+-------+-------++-------
  Melee: Falchion          |    20 |   155 |   163 |    29 ||   367
         Punch             |       |     1 |     3 |     1 ||     5
         Dagger            |       |       |       |    58 ||    58
   Cast: Call Imp          |       |     1 |     1 |    10 ||    12
         Confusing Touch   |       |       |       |     3 ||     3
         Ozocubu's Armour  |       |       |       |     2 ||     2
         Slow              |       |       |       |     1 ||     1
 Invoke: Ancestor Life: Ba |       |     1 |       |       ||     1
         Recall Ancestor   |       |       |       |     2 ||     2
    Use: Scroll            |       |       |       |     2 ||     2
         Potion            |       |       |       |     2 ||     2
   Stab: Sleeping          |     2 |     8 |     5 |       ||    15
         Distracted        |       |     1 |     2 |     2 ||     5
 Armour: Leather armour    |    17 |    80 |    74 |       ||   171
         Troll leather arm |       |       |    95 |   159 ||   254
  Dodge: Dodged            |    25 |    95 |   120 |   102 ||   342

Table legend: (Time is in decaauts)
 A = Elapsed time spent in this place.
 B = Non-inter-level travel time spent in this place.
 C = Inter-level travel time spent in this place.
 D = Time resting spent in this place.
 E = Time spent auto-exploring this place.
 F = Levels seen in this place.
 G = Mean time per level.
                   A        B        C        D        E       F      G
               +--------+--------+--------+--------+--------+-----+--------+
         Total |   8529 |   8235 |    294 |   1166 |   5580 |  10 |  852.9 |
       Dungeon |   8527 |   8233 |    294 |   1166 |   5580 |   9 |  947.4 |
        Temple |      1 |      1 |      0 |      0 |      0 |   1 |    1.0 |
               +--------+--------+--------+--------+--------+-----+--------+

Top non-repeatable levels by time:
     D:5: 1619 daAuts
     D:7: 1172 daAuts
     D:8: 1158 daAuts
     D:6: 1021 daAuts
     D:3: 979 daAuts
     D:2: 858 daAuts
     D:4: 692 daAuts
     D:1: 607 daAuts
     D:9: 417 daAuts
  Temple: 1 daAuts
